 Dungeon Crawl Stone Soup version 0.17-a0-417-gc4a8610 (webtiles) character file.

219 florek the Insei (level 5, -9/41 HPs)
             Began as a Vampire Monk on Apr 3, 2015.
             Killed by divine providence
             ... invoked by an orc priest
              (10 damage)
             ... on level 5 of the Dungeon.
             The game lasted 00:21:22 (3499 turns).

florek the Insei (Vampire Monk)                     Turns: 3499, Time: 00:21:24

Health: -9/41      AC:  2    Str: 10    XL:     5   Next: 63%
Magic:  5/5        EV: 15    Int: 12    God:
Gold:   218        SH:  0    Dex: 17    Spells: 0 memorised, 4 levels left

rFire  . . .     SeeInvis +       - Unarmed
rCold  . . .     Clarity  .     a - +0 robe
rNeg   + . .     SustAb   .     (no shield)
rPois  .         Gourm    .     (no helmet)
rElec  .         Spirit   .     (no cloak)
rCorr  .         Warding  .     (no gloves)
rMut   .         Stasis   .     (no boots)
MR     .....                    (no amulet)
Stlth  +++.......               (no ring)
                                (no ring)

@: not resistant to hostile enchantments, fairly stealthy
A: fangs 3, see invisible, unbreathing
a: Bat Form


You were on level 5 of the Dungeon.
You were not thirsty.

You visited 1 branch of the dungeon, and saw 5 of its levels.

You collected 218 gold pieces.

Inventory:

Hand weapons
 v - a +0 hunting sling
 x - a +2 hand axe of freezing
Missiles
 k - 6 tomahawks of returning (quivered)
 o - 7 poisoned needles
 q - 2 throwing nets
 w - 20 stones
Armour
 a - a +0 robe (worn)
 i - a +0 ring mail
 l - a +0 robe
 p - a +0 pair of gloves
 r - a +0 robe
Scrolls
 c - 4 scrolls of identify
 e - 2 scrolls of remove curse {unknown}
 g - a scroll of enchant weapon {unknown}
 h - a scroll of magic mapping {unknown}
 m - 3 scrolls of enchant armour {unknown}
 s - 2 scrolls of amnesia {unknown}
 y - a scroll of recharging {unknown}
Potions
 b - 16 potions of blood
 f - 2 potions of agility
 j - 2 potions of brilliance {unknown}
 n - a potion of heal wounds {unknown}
 t - a potion of lignification {unknown}
 u - 3 potions of cancellation {unknown}
 z - a potion of resistance {unknown}


   Skills:
 + Level 3.4 Fighting
 + Level 1.3 Throwing
 + Level 4.6 Dodging
 + Level 4.2 Stealth
 + Level 5.5 Unarmed Combat


You had 4 spell levels left.
You didn't know any spells.

Dungeon Overview and Level Annotations

Branches:
Dungeon (5/15)
 Temple: D:4-7

Altars:
Cheibriados
Ru


Innate Abilities, Weirdness & Mutations

You have razor-sharp teeth.
You have supernaturally acute eyesight.
You can survive without breathing.


Message History

A jelly comes into view.
You spend a moment contemplating the meaning of unlife.
The jelly quivers.
Drink which item? (? for menu, Esc to quit)
You feel better. The sky beast closely misses you.
The shadow imp closely misses you.
The orc priest mumbles some strange prayers to Beogh against you.
Something smites you!
The orc priest mumbles some strange prayers to Beogh against you.
Something smites you!
* * * LOW HITPOINT WARNING * * *
Drink which item? (? for menu, Esc to quit)
You feel better. The sky beast hits you.
* * * LOW HITPOINT WARNING * * *
The sky beast shocks you.
* * * LOW HITPOINT WARNING * * *
The shadow imp misses you.
The orc priest invokes the aid of Beogh against you.
Something smites you!
You die...

### ..# #.# #
#.# ##.#####@#
..J...o5Y####
.........o)..#
#.#####oo##.#
#..##.###
#.......###
#.(.......#
#..##.#.#.#
#..# .# #.#


You could see a sky beast, a jelly, 2 orc priests, an orc wizard (invisible), a
shadow imp and an orc.

Vanquished Creatures
  A centaur skeleton (D:4)
  Jessica (D:2)
  2 orc wizards (D:4)
  4 adders
  A worm (D:2)
  An ooze (D:3)
  4 orcs
  8 hobgoblins
  9 jackals
  4 kobolds
  3 quokkas
  A ball python (D:4)
  2 bats
  5 giant cockroaches
  3 giant geckos
  2 giant newts
  12 goblins
  8 rats
71 creatures vanquished.

Notes
Turn   | Place    | Note
--------------------------------------------------------------
     0 | D:1      | florek, the Vampire Monk, began the quest for the Orb.
     0 | D:1      | Reached XP level 1. HP: 17/17 MP: 1/1
   244 | D:1      | You fall through a shaft!
   306 | D:1      | Reached XP level 2. HP: 20/23 MP: 2/2
   856 | D:2      | Reached skill level 5 in Unarmed Combat
   856 | D:2      | Reached XP level 3. HP: 19/28 MP: 3/3
  1350 | D:2      | Noticed Jessica
  1358 | D:2      | Killed Jessica
  1358 | D:2      | Reached XP level 4. HP: 31/35 MP: 4/4
  1403 | D:2      | You fall through a shaft!
  1408 | D:3      | Found a snail-covered altar of Cheibriados.
  2050 | D:3      | Found a sacrificial altar of Ru.
  2748 | D:4      | Reached XP level 5. HP: 25/41 MP: 5/5
  2916 | D:4      | Reached skill level 1 in Throwing
  3274 | D:5      | Entered Level 5 of the Dungeon
  3492 | D:5      | Noticed a sky beast
  3494 | D:5      | HP: 1/41 [sky beast (6)]
  3499 | D:5      | HP: 1/41 [sky beast (5)]
  3499 | D:5      | Killed from afar by an orc priest

Action                   |  1- 3 |  4- 6 || total
-------------------------+-------+-------++-------
Melee: Unarmed           |    85 |   110 ||   195
Throw: Tomahawk          |     8 |    43 ||    51
  Use: Scroll            |     1 |     1 ||     2
       Potion            |     1 |    13 ||    14
 Stab: Sleeping          |     6 |     5 ||    11
